 Dungeon Crawl Stone Soup version 0.30-a0-920-g7493c07aab (webtiles) character file.

Game seed: 3817686679001843943

2445 Hubris850 the Grappler (level 9, -9/83 HPs)
             Began as a Troll Gladiator on Mar 22, 2023.
             Was a Follower of Qazlal.
             Mangled by Joseph
             ... wielding a +0 quarterstaff
              (21 damage)
             ... on level 8 of the Dungeon.
             The game lasted 00:12:07 (5981 turns).

Hubris850 the Grappler (Troll Gladiator)            Turns: 5981, Time: 00:12:08

Health: -9/83      AC:  8    Str: 28    XL:     9   Next: 25%
Magic:  23/23      EV: 10    Int:  4    God:    Qazlal [*.....]
Gold:   401        SH:  2    Dex: 11    Spells: 8/8 levels left

rFire   . . .      SeeInvis .      - Unarmed
rCold   . . .      Faith    +    (no shield)
rNeg    + . .      Spirit   .    G - +0 steam dragon scales
rPois   .          Reflect  .    b - +0 hat
rElec   .          Rampage  .    y - +0 cloak
rCorr   .                        (gloves unavailable)
Will    .....                    (boots unavailable)
Stlth   +                        I
                                   - Hermit's Pendant {Faith Invo=14 Evo=0 MP+5}
HPRegen 1.13/turn                f - ring of positive energy
MPRegen 0.18/turn                (no ring)

@: no status effects
A: large, unfitting armour, claws 3, regeneration 1, shaggy fur 1, tough skin 1
a: Renounce Religion


You were on level 8 of the Dungeon.
You worshipped Qazlal.
Qazlal was aware of your devotion.
You visited 2 branches of the dungeon, and saw 9 of its levels.

You collected 401 gold pieces.

Inventory:

Hand Weapons
 H - a +2 flail of distortion
Missiles
 c - 4 throwing nets
 d - 9 large rocks (quivered)
 z - 3 javelins
 C - 5 curare-tipped darts
Armour
 a - a +0 robe
 b - a +0 hat (worn)
 y - a +0 cloak (worn)
 G - +0 steam dragon scales (worn)
Jewellery
 f - a ring of positive energy (left claw)
 w - an amulet of reflection
 I - the Hermit's Pendant (around neck) {Faith Invo=14 Evo=0 MP+5}
   (You found it on level 7 of the Dungeon)

   [amulet of faith]

   Invo=14: It sets your Invocations skill to 14.
   Evo=0: It sets your Evocations skill to 0.
   It allows you to gain divine favour quickly.
   MP:        It affects your magic capacity (+5).
Wands
 v - a wand of mindburst (16)
 A - a wand of roots (9)
 B - a wand of flame (5)
 D - a wand of polymorph (7)
Scrolls
 e - 5 scrolls of teleportation {unknown}
 h - 7 scrolls of identify {unknown}
 i - a scroll of magic mapping {unknown}
 j - a scroll of enchant armour {unknown}
 l - 3 scrolls of vulnerability {unknown}
 n - 3 scrolls of noise {unknown}
 o - 3 scrolls of amnesia {unknown}
 q - a scroll of fog {unknown}
 t - a scroll of blinking {unknown}
 x - 2 scrolls of immolation {unknown}
 F - a scroll of poison {unknown}
Potions
 g - a potion of magic {unknown}
 k - 2 potions of attraction {unknown}
 m - 3 potions of lignification {unknown}
 p - a potion of brilliance {unknown}
 r - 5 potions of haste {unknown}
 s - 6 potions of curing {unknown}
 u - 3 potions of mutation {unknown}
 E - a potion of berserk rage


   Skills:
 + Level 3.6 Fighting
 - Level 5.0 Throwing
 - Level 3.5 Dodging
 - Level 10.0 Unarmed Combat
 - Level 3.3(14.0) Invocations


You had 8 spell levels left.
You didn't know any spells.
Your spell library contained the following spells:

 Spells                   Type           Power      Damage    Failure   Level
 Cigotuvi's Dreadful Rot  Necr/Pois/Air  0%         N/A       65%         2
 Ensorcelled Hibernation  Hex/Ice        0%         N/A       65%         2
 Gell's Gravitas          Tloc           0%         N/A       86%         3
 Ignite Poison            Fire/Tmut/Pois 0%         N/A       86%         3
 Spider Form              Tmut/Pois      0%         N/A       86%         3
 Teleport Other           Tloc           0%         N/A       86%         3
 Anguish                  Hex/Necr       0%         N/A       99%         4
 Dispel Undead            Necr           0%         3d6       99%         4
 Sticky Flame             Conj/Fire      0%         2d3       99%         4
 Death Channel            Necr           0%         N/A       100%        6
 Dispersal                Tloc           0%         N/A       100%        6
 Ignition                 Fire           0%         3d3       100%        8


Dungeon Overview and Level Annotations

Branches:
Dungeon (8/15)             Temple (1/1) D:6
   Lair: D:8-11

Altars:
Ashenzari
Cheibriados
Dithmenos
Elyvilon
Fedhas
Hepliaklqana
Kikubaaqudgha
Nemelex Xobeh
Qazlal
Ru
Sif Muna
Uskayaw
Vehumet
The Shining One

Shops:
D:2 (

Annotations:
D:8 Joseph


Innate Abilities, Weirdness & Mutations

You are too large for most types of armour.
You have claws for hands.
Your natural rate of healing is unusually fast.
You are covered in fur. (AC +1)
You have tough skin. (AC +1)


Message History

There is a stone staircase leading up here.
Joseph, a Mercenary comes into view.
He is wielding a +0 quarterstaff and wearing a +1 leather armour of positive energy.
Joseph shouts!
You throw a large rock. The large rock hits Joseph!!
Joseph is heavily wounded.
Joseph unwields a +0 quarterstaff.
Joseph wields a +0 sling.
Joseph shoots a sling bullet.
The sling bullet hits you.
You throw a large rock. The large rock hits Joseph!
Joseph is severely wounded.
Joseph shoots a sling bullet.
The sling bullet hits you!
Joseph shoots a sling bullet.
The sling bullet closely misses you.
Joseph shoots a sling bullet.
The sling bullet hits you!
Joseph shoots a sling bullet.
The sling bullet hits you!
Joseph unwields a +0 sling.
Joseph wields a +0 quarterstaff.
Joseph drinks a potion.
Joseph goes berserk!
You claw Joseph!
Joseph is severely wounded.
Joseph barely misses you.
You closely miss Joseph.
Joseph is severely wounded.
Joseph hits you with a +0 quarterstaff! Joseph hits you with a +0 quarterstaff.
You are too injured to fight recklessly!
You are too injured to fight recklessly!
You are too injured to fight recklessly!
You barely miss Joseph. Your claw misses Joseph.
Joseph is severely wounded.
Joseph completely misses you.
You scratch Joseph.
Joseph is severely wounded.
Joseph hits you with a +0 quarterstaff!
* * * LOW HITPOINT WARNING * * *
You scratch Joseph but do no damage.
Joseph is severely wounded.
Joseph hits you with a +0 quarterstaff!
* * * LOW HITPOINT WARNING * * *
You mangle Joseph!! Your claw misses Joseph.
Joseph is almost dead.
Joseph closely misses you.
Joseph hits you with a +0 quarterstaff!!
You die...

#. #. .. #. #.##
(.# # # #@#.#
#.##@#.#
#....○.# .
####.### ###..
#.#####....
##.......#
##......>.# ##.
#......#..##....
##...#.......#
##..###..##.##.


You could see Joseph (berserk).

Vanquished Creatures
  A steam dragon (D:7)
  A water moccasin (D:7)
  2 black bears
  4 orc warriors
  A sky beast (D:7)
  An ice beast (D:6)
  A centaur (D:4)
  An ogre (D:4)
  4 bullfrogs
  A gnoll sergeant (D:6)
  A hound (D:6)
  2 jellies (D:6)
  6 orc priests
  2 sleepcaps
  2 iguanas
  Ijyb (D:5)
  Natasha (D:3)
  9 orc wizards
  9 gnolls
  9 adders
  2 shadow imps
  4 white imps
  2 ufetubi
  A worm (D:3)
  3 dart slugs
  29 orcs
  7 endoplasms
  A giant cockroach (D:4)
  11 goblins
  8 hobgoblins
  2 jackals (D:1)
  10 kobolds
  A quokka (D:1)
  2 ball pythons
  5 bats
  2 frilled lizards
  2 goblin skeletons (D:4)
  2 hobgoblin zombies (D:4)
  5 kobold zombies (D:4)
  An orc skeleton (D:4)
  5 rats
164 creatures vanquished.

Vanquished Creatures (others)
  A plant (D:4)
1 creature vanquished.

Grand Total: 165 creatures vanquished

Notes
Turn   | Place    | Note
-------+----------+-------------------------------------------
     0 | D:1      | Hubris850 the Troll Gladiator began the quest for the Orb.
     0 | D:1      | Reached XP level 1. HP: 19/19 MP: 0/0
   143 | D:1      | Reached XP level 2. HP: 28/28 MP: 1/1
   909 | D:2      | Found Cinwobol's Weapon Boutique.
  1002 | D:2      | Reached XP level 3. HP: 31/35 MP: 2/2
  1357 | D:3      | Found a blossoming altar of Fedhas.
  1390 | D:3      | Reached XP level 4. HP: 42/42 MP: 3/3
  1577 | D:3      | Reached XP level 5. HP: 26/50 MP: 4/4
  1751 | D:3      | Reached skill level 4 in Unarmed Combat
  2118 | D:3      | Found a white marble altar of Elyvilon.
  2174 | D:3      | Noticed Natasha
  2182 | D:3      | Killed Natasha
  2250 | D:4      | Found a glowing golden altar of the Shining One.
  2261 | D:4      | Reached XP level 6. HP: 59/59 MP: 5/5
  2330 | D:4      | Identified the +0 ring mail "Juek" {rF+ rN++ Str+3}
  2796 | D:4      | Found an ancient bone altar of Kikubaaqudgha.
  2808 | D:4      | Reached skill level 5 in Unarmed Combat
  2917 | D:4      | Found a shimmering blue altar of Sif Muna.
  2926 | D:4      | Reached XP level 7. HP: 64/67 MP: 6/6
  3085 | D:5      | Entered Level 5 of the Dungeon
  3220 | D:5      | Found a broken altar of Ashenzari.
  3260 | D:5      | Reached skill level 5 in Throwing
  3260 | D:5      | Reached skill level 6 in Unarmed Combat
  3615 | D:5      | Noticed Ijyb
  3623 | D:5      | Killed Ijyb
  3870 | D:6      | Reached skill level 7 in Unarmed Combat
  3870 | D:6      | Reached XP level 8. HP: 74/75 MP: 7/7
  4059 | D:6      | Found a staircase to the Ecumenical Temple.
  4067 | Temple   | Entered the Ecumenical Temple
  4097 | Temple   | Became a worshipper of Qazlal Stormbringer
  4217 | D:6      | Reached skill level 1 in Invocations
  4412 | D:6      | Reached skill level 8 in Unarmed Combat
  5011 | D:7      | Found the Hermit's Pendant {Faith Invo=14 Evo=0 MP+5}
  5137 | D:7      | Reached skill level 9 in Unarmed Combat
  5140 | D:7      | Reached * piety under Qazlal
  5298 | D:7      | Reached XP level 9. HP: 81/81 MP: 18/18
  5399 | D:7      | Reached skill level 10 in Unarmed Combat
  5969 | D:8      | Noticed Joseph
  5981 | D:8      | Mangled by Joseph

Illustrated notes

Levels and vault maps discovered:
D:1:      dpeg_chamrin_arrival_tetris, layout_basic, minmay_misc_feat_rows,
          fountainhead, wander_ebering_terrifying_dragon_lair
D:2:      layout_basic, serial_shops, shop, skrybe_limestone_x
D:3:      layout_loops_ring, fedhas_altar_3, mainiacjoe_overflow_alcove_1,
          minmay_misc_feat_cross, grunt_ministairs_4, uniq_natasha
D:4:      layout_rooms, nicolae_tso_besieged_by_evil, kennysheep_orc_sif_temple,
          kiku_gazebo_pond_becter, serial_bayou, serial_bayou_shore_a,
          serial_bayou_pond_c, serial_bayou_crossing, serial_bayou_pond_d,
          serial_bayou_pond_c, minmay_tree_intersection, minmay_ogre_servants
D:5:      layout_basic, ashenzari_conservatory_becter,
          nicolae_underground_beach, uniq_ijyb
D:6:      layout_loops_corners, temple_green, st_stairs_2,
          grunt_decor_one_mirror, kennysheep_generic_room_15
D:7:      layout_layer_cave
D:8:      layout_loops_cross, dreamdust_deal_with_the_devil, hex_large,
          minmay_misc_feat_x, uniq_joseph, uniq_maggie
Temple:   hc_temple_tempest_star

Skill      XL: |  1  2  3  4  5  6  7  8  9 |
---------------+----------------------------+-----
Throwing       | 2 3 4 5 |  5.0
Fighting       | 2 3 |  3.6
Dodging        | 3 |  3.5
Unarmed Combat | 4 5 7 9 10 | 10.0
Invocations    | 3 |  3.3

Action                     |  1- 3 |  4- 6 |  7- 9 || total
---------------------------+-------+-------+-------++-------
  Melee: Unarmed           |    80 |   172 |   163 ||   415
         Punch             |       |     2 |     9 ||    11
  Throw: Large rock        |       |     1 |     8 ||     9
         Throwing net      |       |     1 |       ||     1
   Stab: Sleeping          |     1 |       |       ||     1
         Held in net/web   |       |     2 |       ||     2
 Armour: Robe              |    22 |    26 |    25 ||    73
         Steam dragon scal |       |       |    14 ||    14
  Dodge: Dodged            |    36 |    68 |    95 ||   199
  Block: Other             |       |     9 |    26 ||    35
         Reflection        |       |       |     1 ||     1

Table legend: (Time is in decaauts)
 A = Elapsed time spent in this place.
 B = Non-inter-level travel time spent in this place.
 C = Inter-level travel time spent in this place.
 D = Time resting spent in this place.
 E = Time spent auto-exploring this place.
 F = Levels seen in this place.
 G = Mean time per level.
                   A        B        C        D        E       F      G
               +--------+--------+--------+--------+--------+-----+--------+
         Total |   5943 |   5726 |    217 |    152 |   4566 |   9 |  660.3 |
       Dungeon |   5897 |   5695 |    202 |    152 |   4566 |   8 |  737.1 |
        Temple |     45 |     30 |     15 |      0 |      0 |   1 |   45.0 |
               +--------+--------+--------+--------+--------+-----+--------+

Top non-repeatable levels by time:
     D:7: 1223 daAuts
     D:6: 977 daAuts
     D:4: 898 daAuts
     D:1: 895 daAuts
     D:3: 868 daAuts
     D:5: 567 daAuts
     D:2: 449 daAuts
  Temple: 45 daAuts
     D:8: 18 daAuts
